 Dungeon Crawl Stone Soup version 0.19-a0-1071-g4ed3155 (webtiles) character file.

446 4thArraOfDagon the Ruffian (level 6, -5/55 HPs)
             Began as a Troll Arcane Marksman on Aug 5, 2016.
             Was an Initiate of Cheibriados.
             Killed by divine providence
             ... invoked by an orc priest
              (10 damage)
             ... on level 3 of the Dungeon.
             The game lasted 00:02:54 (440 turns).

4thArraOfDagon the Ruffian (Troll Arcane Marksman)   Turns: 440, Time: 00:02:54

Health: -5/55      AC:  5    Str: 23    XL:     6   Next: 73%
Magic:  6/6        EV: 10    Int: 14    God:    Cheibriados [......]
Gold:   78         SH:  0    Dex:  8    Spells: 1 memorised, 6 levels left

rFire  . . .     SeeInvis .       - Unarmed
rCold  . . .     Gourm    +     a - +0 robe
rNeg   . . .     Faith    .     (no shield)
rPois  .         Spirit   .     (helmet restricted)
rElec  .         Dismiss  .     (no cloak)
rCorr  .         Reflect  .     (gloves unavailable)
SustAt .         Harm     .     (boots unavailable)
MR     .....                    (no amulet)
Stlth  +.........               (no ring)
                                (no ring)

@: very slow
A: unfitting armour, claws 3, clever 1, clumsy 1, fast metabolism 3, gourmand,
regeneration 2, shaggy fur 1, strong 1, tough skin 2, wild magic 1
a: Bend Time, Renounce Religion


You were on level 3 of the Dungeon.
You worshipped Cheibriados.
Cheibriados was noncommittal.
You were full.

You visited 1 branch of the dungeon, and saw 5 of its levels.

You collected 78 gold pieces.

Inventory:

Missiles
 c - 4 large rocks (quivered)
Armour
 a - a +0 robe (worn)
Wands
 h - a wand of enslavement (4/24)
Scrolls
 d - a scroll of enchant weapon {unknown}
Potions
 e - 2 potions of curing {unknown}
 i - a potion of degeneration {unknown}
 k - a potion of lignification {unknown}
Books
 b - a book of Debilitation

   Spells                             Type                      Level
   a - Corona                         Hexes                        1
   b - Slow                           Hexes                        2
   c - Gell's Gravitas                Hexes/Translocation          3
   d - Inner Flame                    Hexes/Fire                   3
   e - Cause Fear                     Hexes                        4
   f - Leda's Liquefaction            Hexes/Earth                  4
Comestibles
 f - 2 bread rations
 g - a fruit


   Skills:
 + Level 1.2 Fighting
 - Level 1.7 Throwing
 + Level 1.7 Dodging
 * Level 6.6 Unarmed Combat
 - Level 1.0 Spellcasting
 - Level 2.0 Hexes
 + Level 0.6 Invocations


You had 6 spell levels left.
You knew the following spells:

 Your Spells              Type           Power        Failure   Level  Hunger
a - Corona                Hex            #......      21%         1    ##.....


Dungeon Overview and Level Annotations

Branches:
Dungeon (5/15)             Temple (0/1) D:5

Altars:
Cheibriados
Kikubaaqudgha


Innate Abilities, Weirdness & Mutations

You are too large for most types of armour.
You have claws for hands.
Your metabolism is lightning-fast.
You like to eat raw meat.
You heal very quickly.
You are covered in fur. (AC +1)
You have very tough skin. (AC +2)
Your mind is acute. (Int +2)
You are clumsy. (Dex -2)
Your muscles are strong. (Str +2)
Your spells are a little harder to cast, but a little more powerful.


Message History

The orc wizard blinks!
The orc priest hits you from afar with a trident.
Unknown command.
The orc priest closely misses you.
Unknown command.
You scratch the orc priest but do no damage.
The orc priest is lightly wounded.
The orc hits you with a morningstar!
* * * LOW HITPOINT WARNING * * *
The orc priest mumbles some strange prayers to Beogh against you.
Beogh smites you!
* * * LOW HITPOINT WARNING * * *
An orc priest comes into view. It is wielding a whip.
Unknown command.
As you read the scroll labeled XINYUZX HYRUL, it crumbles to dust.
You feel blessed for a moment.
It was a scroll of remove curse.
The orc wizard barely misses you.
The orc priest calls down the wrath of Beogh upon you.
Beogh smites you!
You die...

.........
.......
......... ......
.######## #....#
#.(..# #....#
#....# #....# .
######..@o#....
.......>ooo.....
...........#####
............#
..............%
####...##......
#... .......
.... .......
..... ...###


You could see 2 orc priests, an orc wizard and an orc.

Vanquished Creatures
  A sky beast (D:5)
  A centaur (D:5)
  An orc priest (D:4)
  An iguana (D:5)
  Terence (D:3)
  Jessica (D:2)
  Ijyb (D:2)
  3 orc wizards
  A worker ant (D:4)
  2 adders
  A worm (D:3)
  A dart slug (D:5)
  6 orcs
  2 hobgoblins (D:2)
  3 jackals (D:5)
  2 quokkas (D:5)
  A kobold (D:4)
29 creatures vanquished.

Notes
Turn   | Place    | Note
-------+----------+-------------------------------------------
     0 | D:1      | 4thArraOfDagon the Troll Arcane Marksman began the quest for the Orb.
     0 | D:1      | Reached XP level 1. HP: 18/18 MP: 1/1
    14 | D:1      | You fall through a shaft!
    22 | D:2      | Noticed Ijyb
    28 | D:2      | Noticed Jessica
    34 | D:2      | Reached skill level 1 in Unarmed Combat
    34 | D:2      | Reached XP level 2. HP: 16/26 MP: 2/2
    52 | D:2      | Killed Ijyb
    52 | D:2      | Reached skill level 2 in Unarmed Combat
    52 | D:2      | Reached XP level 3. HP: 13/32 MP: 3/3
    53 | D:2      | Killed Jessica
    53 | D:2      | Reached skill level 3 in Unarmed Combat
    94 | D:3      | Noticed Terence
   111 | D:3      | Killed Terence
   111 | D:3      | Reached skill level 4 in Unarmed Combat
   111 | D:3      | Reached XP level 4. HP: 40/40 MP: 4/4
   180 | D:4      | Reached XP level 5. HP: 37/46 MP: 5/5
   184 | D:4      | Reached skill level 5 in Unarmed Combat
   251 | D:5      | Entered Level 5 of the Dungeon
   255 | D:5      | Noticed a centaur
   265 | D:5      | Killed a centaur
   285 | D:5      | Found a staircase to the Ecumenical Temple.
   288 | D:5      | Found a snail-covered altar of Cheibriados.
   295 | D:5      | Reached XP level 6. HP: 37/54 MP: 6/6
   300 | D:5      | Became a worshipper of Cheibriados the Contemplative
   322 | D:5      | Noticed a sky beast
   331 | D:5      | Killed a sky beast
   331 | D:5      | Reached skill level 6 in Unarmed Combat
   344 | D:5      | Gained mutation: You are clumsy. (Dex -2) [mutagenic meat]
   347 | D:5      | Gained mutation: Your spells are a little harder to cast, but a little more powerful. [mutagenic meat]
   350 | D:5      | Gained mutation: Your mind is acute. (Int +2) [mutagenic meat]
   353 | D:5      | Gained mutation: Your muscles are strong. (Str +2) [mutagenic meat]
   371 | D:5      | Found an ancient bone altar of Kikubaaqudgha.
   378 | D:5      | Reached skill level 1 in Fighting
   440 | D:3      | Killed from afar by an orc priest

Vault maps used:
D:1:      lemuel_arrival_funnel, minmay_stone_trees_small, minmay_bisected
D:2:      makhleb_blood_cavern_becter, uniq_jessica, uniq_iyjb
D:3:      lemuel_crystal_altar, first_bread, uniq_terence
D:4:      serial_shops, shop, uniq_natasha, uniq_grinder
D:5:      minmay_opposing_rooms, kennysheep_slug_shrine, kennysheep_little_box,
          nicolae_overflow_hidden_temple, uniq_crazy_yiuf_cottage, uniq_pikel

Skill      XL: |  1  2  3  4  5  6 |
---------------+-------------------+-----
Unarmed Combat | 1 2 4 5 6 |  6.6
Fighting       | 1 |  1.2
Throwing       | |  1.7
Dodging        | |  1.7
Spellcasting   | |  1.0
Hexes          | |  2.0
Invocations    | |  0.6

Action                   |  1- 3 |  4- 6 || total
-------------------------+-------+-------++-------
Melee: Unarmed           |    25 |    67 ||    92
       Punch             |       |     1 ||     1
Throw: Throwing net      |     2 |     1 ||     3
Evoke: Wand              |       |     2 ||     2
  Use: Scroll            |       |     1 ||     1
 Stab: Sleeping          |     1 |       ||     1
       Held in net/web   |     1 |       ||     1
  Eat: Chunk             |     4 |     6 ||    10
Armor: Robe              |     8 |    17 ||    25
Dodge: Dodged            |    10 |    21 ||    31
